AoeStats
← ikbendom

Golden Pit

509051331Analyzed
1v1 RM · 7d ago on Sep 25, 2026· 19m 46s· 2 players
Game mode
Random Map
Map size
Tiny (2 player)
Population
200
Speed
Normal
Resources
Standard
Victory
Conquest
Starting age
Dark Age
Ending age
Imperial Age
RankedLock teamsTeams togetherTeam positionsShared explorationLock speedFull tech treeHidden civsTurbo modeCheats
Victory
Defeat
🇺🇸 Danes · United States
917
+16
🇳🇱 Franks · Netherlands
911
-45
ikbendom
11:04 Feudal Age
12:44 Wheelbarrow
12:16 Double-Bit Axe
18:59 Loom
21:57 Castle Age
Japanese2009
7:33 Loom
10:59 Feudal Age
15:28 Castle Age
15:34 Wheelbarrow
19:02 Wheelbarrow
19:17 Squires
19:05 Arson
19:08 Town Watch
Connection lost

Rejoining the realm…

Still unreachable

The connection could not be restored.

Session expired

The server has moved on; the page needs a fresh start.